 Dungeon Crawl Stone Soup version 0.22.0-6-g71bd7aa6b3 (webtiles) character file.

5005 Jannitor the Fighter (level 10, 0/107 HPs)
             Began as an Ogre Arcane Marksman on Aug 14, 2018.
             Was a Believer of the Shining One.
             Slain by a hound (2 damage)
             ... on level 8 of the Dungeon.
             The game lasted 00:17:08 (9299 turns).

Jannitor the Fighter (Ogre Arcane Marksman)         Turns: 9299, Time: 00:17:09

Health: 0/107      AC:  5    Str: 22    XL:     10   Next: 54%
Magic:  9/11       EV: 18    Int: 19    God:    the Shining One [**....]
Gold:   247        SH:  7    Dex: 12    Spells: 10/11 levels left

rFire    . . .     SeeInvis +   y - +1 dire flail
rCold    . . .     Gourm    .   (shield currently unavailable)
rNeg     + . .     Faith    .   K - +2 robe {rF+}
rPois    +         Spirit   .   (helmet restricted)
rElec    .         Reflect  .   (no cloak)
rCorr    .         Harm     +   (gloves unavailable)
MR       +....                  (boots unavailable)
Stlth    +.........             D - amulet "Fuipp" {Harm *Drain rPois rF- Dex-4 Slay+6}
HPRegen  0.27/turn              t - ring of see invisible
MPRegen  0.12/turn              C - ring of poison resistance

@: mighty, brilliant, agile, divine shield, marked, flying, glowing
A: large, unfitting armour, tough skin 1
a: Divine Shield, Renounce Religion


You were on level 8 of the Dungeon.
You worshipped the Shining One.
The Shining One was pleased with you.
You were not hungry.

You visited 2 branches of the dungeon, and saw 9 of its levels.

You collected 355 gold pieces.
You spent 108 gold pieces at shops.

Inventory:

Hand Weapons
 b - a +0 dagger
 e - a +2 dagger of freezing
 o - a +0 giant club
 q - a +0 flail
 y - a +1 dire flail (weapon)
Missiles
 c - 3 large rocks
 d - a throwing net
 p - 2 javelins
 B - 4 poisoned tomahawks
 G - 4 poisoned javelins (quivered)
Armour
 a - a +1 robe
 K - a +2 robe of fire resistance (worn)
Jewellery
 t - a ring of see invisible (left hand)
 u - an uncursed amulet of guardian spirit
 C - a ring of poison resistance (right hand)
 D - the amulet "Fuipp" (around neck) {Harm *Drain rPois rF- Dex-4 Slay+6}
   (You took it off an orc on level 4 of the Dungeon)

   [amulet of harm]

   It increases damage dealt and taken.
   It affects your dexterity (-4).
   It affects your accuracy and damage with ranged weapons and melee attacks
   (+6).
   It makes you vulnerable to fire.
   It protects you from poison.
   It causes draining when unequipped.
Wands
 l - a wand of digging (28)
 I - a wand of polymorph (15)
 J - a wand of acid (1)
Scrolls
 k - 4 scrolls of enchant weapon
 m - 2 scrolls of enchant armour
 n - a scroll of fog
 r - 4 scrolls of identify
 s - 3 scrolls of noise
 v - a scroll of magic mapping
 w - a scroll of amnesia
 z - a scroll of remove curse
 H - a scroll of teleportation
Potions
 j - a potion of resistance
Comestibles
 f - 16 rations
 x - 16 chunks of flesh


   Skills:
 + Level 9.6 Fighting
 * Level 7.5 Maces & Flails
 + Level 7.5 Throwing
 + Level 6.8 Dodging
 - Level 1.2 Spellcasting
 - Level 2.6 Hexes
 + Level 2.1 Invocations


You had 10 spell levels left.
You knew the following spells:

 Your Spells              Type           Power        Failure   Level  Hunger
a - Corona                Hex            ###....      1%          1    ##.....

Your spell library contained the following spells:

 Spells                   Type           Power        Failure   Level  Hunger
 Cause Fear               Hex            ###.......   7%          4    #####..
 Slow                     Hex            ###.....     1%          2    ###....
 Portal Projectile        Hex/Tloc       ###...       4%          3    ####...
 Leda's Liquefaction      Hex/Erth       ###.......   12%         4    #####..
 Inner Flame              Hex/Fire       ###.....     4%          3    ####...


Dungeon Overview and Level Annotations

Branches:
Dungeon (8/15)             Temple (1/1) D:4
   Lair: D:8-11

Altars:
Ashenzari
Cheibriados
Dithmenos
Elyvilon
Fedhas
Gozag
Hepliaklqana
Kikubaaqudgha
Makhleb
Nemelex Xobeh
Okawaru
Qazlal
Ru
Sif Muna
Trog
Uskayaw
Vehumet
Wu Jian
Xom
Yredelemnul
Zin
The Shining One

Shops:
D:4 (   D:7 (

Annotations:
D:4 1 runed door
D:8 Harold


Innate Abilities, Weirdness & Mutations

You are too large for most types of armour.
You have tough skin. (AC +1)


Message History

The hound closely misses you.
Unknown command.
Okay, then.
Unknown command.
Unknown command.
Unknown command.
You puncture the orc wizard!
You kill the orc wizard!
The bullfrog hits you but does no damage.
The orc hits you but does no damage. The hound bites you.
* * * LOW HITPOINT WARNING * * *
Unknown command.
You bludgeon the bullfrog!!
You kill the bullfrog!
You block the hound's attack.
Unknown command.
You thump the hungry ghost!
The hungry ghost is heavily damaged.
The hound bites you.
You die...

,* *,,,,,,,,,*,,,,*,,,,,,* ,*
*,,,,,,,,,*,,,,*,,,,,,*
*********,,,,,,,,,*,,,,*,,,,,,*
*,,,,,,,,,,,,,,,,,*,,,,*,,,,,,*
*,,,,,,,,.,,,,,,,,***###,,,,,,*
*,,,,,,,,,..,,,,,,,,....,,,,,,*
*,,,,,,,,###'#####,.....,,,,,,***
*,,,,,,,,#.....).#o....!,,,,,,,,,
*,,,,,,,,#.s..)(@Wo.....,,,,,,,,,
*,,......'.....h.#......,,,,,,,,,
*,,......#########*#####,,,,,,,,,
*,,......,,,,,,,,>*,,,,*,,,,,,,,,
*,,.....,,,,,,,,,,*,,,,*,,,,,,,,,
*,,.....,,,,,,,,,,*,,,,*,,,,,,...
*,,....,,,,,,,,,,,+,,,,*******#..
***##+#**,,,,,,,,,*,,,,,+,,,,,+..
,,,,,,,,*,,,,,,,,,*,,,,**,,,,,#..


You could see a hungry ghost, a scorpion, a hound and 2 orcs.

Vanquished Creatures
  A two-headed ogre (D:8)
  A troll (D:7)
  2 hippogriffs (D:7)
  6 yaks (D:7)
  A spriggan (D:7)
  A naga (D:6)
  2 orc warriors
  2 water moccasins (D:7)
  2 ice beasts
  2 phantoms
  An ogre (D:5)
  4 centaurs
  3 bullfrogs
  2 scorpions (D:4)
  5 wights (D:7)
  A howler monkey (D:6)
  A bullfrog zombie (D:5)
  4 crimson imps
  A jelly (D:6)
  2 orc priests
  2 hounds (D:6)
  4 iguanas
  A bullfrog skeleton (D:7)
  8 orc wizards
  2 worker ants
  A hound skeleton (D:6)
  A hound zombie (D:5)
  A howler monkey skeleton (D:4)
  A worker ant zombie (D:7)
  3 gnolls (D:2)
  6 adders
  An adder zombie (D:5)
  4 worms
  3 dart slugs (D:1)
  9 leopard geckos
  27 orcs
  A ball python (D:2)
  6 giant cockroaches
  10 goblins
  14 hobgoblins
  3 quokkas
  11 bats
  3 frilled lizards
  4 kobolds
  A leopard gecko skeleton (D:5)
  A quokka skeleton (D:5)
  4 rats (D:1)
176 creatures vanquished.

Notes
Turn   | Place    | Note
-------+----------+-------------------------------------------
     0 | D:1      | Jannitor the Ogre Arcane Marksman began the quest for the Orb.
     0 | D:1      | Reached XP level 1. HP: 19/19 MP: 2/2
   201 | D:1      | Reached XP level 2. HP: 28/28 MP: 3/3
   215 | D:1      | Reached skill level 2 in Fighting
   680 | D:1      | Reached XP level 3. HP: 35/36 MP: 4/4
  1245 | D:2      | Reached skill level 3 in Fighting
  1410 | D:2      | Reached XP level 4. HP: 35/45 MP: 5/5
  2396 | D:3      | Reached XP level 5. HP: 54/54 MP: 6/6
  3000 | D:3      | Found an iron altar of Okawaru.
  3158 | D:3      | Reached skill level 4 in Fighting
  3158 | D:3      | Reached skill level 1 in Maces & Flails
  3821 | D:4      | Found Fasijafe's Antique Weapon Shoppe.
  3825 | D:4      | Bought a dire flail for 108 gold pieces
  3999 | D:4      | Got a fine pewter amulet
  4120 | D:4      | Reached XP level 6. HP: 58/63 MP: 7/7
  4172 | D:4      | Found a runed door.
  4521 | D:4      | Found a staircase to the Ecumenical Temple.
  4549 | Temple   | Entered the Ecumenical Temple
  4625 | Temple   | Became a worshipper of the Shining One
  4924 | D:4      | Noticed a phantom
  4943 | D:4      | Killed a phantom
  4943 | D:4      | Reached skill level 5 in Fighting
  4943 | D:4      | Reached XP level 7. HP: 46/72 MP: 5/8
  5170 | D:5      | Entered Level 5 of the Dungeon
  5940 | D:5      | Reached skill level 6 in Fighting
  6000 | D:5      | Reached XP level 8. HP: 50/83 MP: 5/9
  6046 | D:5      | Reached * piety under the Shining One
  6159 | D:5      | Reached skill level 5 in Throwing
  6255 | D:6      | Noticed Edmund
  6429 | D:5      | Identified the amulet "Fuipp" {Harm *Drain rPois rF- Dex-4 Slay+6} (You took it off an orc on level 4 of the Dungeon)
  6514 | D:6      | Noticed Edmund
  6514 | D:6      | Edmund changed into Edmund the naga
  6623 | D:6      | Killed Edmund the naga
  6623 | D:6      | Reached skill level 5 in Dodging
  6670 | D:6      | Reached skill level 7 in Fighting
  7213 | D:6      | Found a snail-covered altar of Cheibriados.
  7493 | D:7      | Reached XP level 9. HP: 90/93 MP: 10/10
  7530 | D:7      | Reached skill level 5 in Maces & Flails
  7581 | D:7      | Reached skill level 8 in Fighting
  7675 | D:7      | Noticed a troll
  8353 | D:7      | Killed a troll
  8366 | D:7      | Reached XP level 10. HP: 65/106 MP: 11/11
  8368 | D:7      | Reached skill level 9 in Fighting
  8447 | D:7      | Found Erosse Hiff's Weapon Shoppe.
  8757 | D:7      | Reached ** piety under the Shining One
  9128 | D:8      | Noticed a two-headed ogre
  9137 | D:8      | Killed a two-headed ogre
  9137 | D:8      | Reached skill level 1 in Invocations
  9263 | D:8      | Noticed Harold
  9287 | D:8      | HP: 5/107 [orc/dagger of freezing (1)]
  9294 | D:8      | HP: 4/107 [hound (2)]
  9294 | D:8      | HP: 1/107 [hound (3)]
  9296 | D:8      | The Shining One protects you from harm!
  9299 | D:8      | Slain by a hound

Skill      XL: |  1  2  3  4  5  6  7  8  9 10 |
---------------+-------------------------------+-----
Dodging        | 2 3 4 5 6 |  6.8
Fighting       | 2 3 4 5 6 7 8 9 |  9.6
Throwing       | 3 4 6 7 |  7.5
Maces & Flails | 1 2 3 4 6 7 |  7.5
Invocations    | 2 |  2.1
Spellcasting   | |  1.2
Hexes          | |  2.6

Action                   |  1- 3 |  4- 6 |  7- 9 | 10-12 || total
-------------------------+-------+-------+-------+-------++-------
Melee: Dagger            |   122 |   165 |       |       ||   287
       Flail             |       |    44 |       |       ||    44
       Dire flail        |       |    71 |   175 |    49 ||   295
Throw: Large rock        |     7 |     7 |       |       ||    14
       Javelin           |     3 |    10 |     2 |       ||    15
       Throwing net      |       |     1 |       |       ||     1
       Tomahawk          |       |       |     4 |       ||     4
Invok: Divine Shield     |       |       |       |     2 ||     2
Evoke: Wand              |       |       |     4 |     4 ||     8
  Use: Potion            |       |       |     6 |     8 ||    14
       Scroll            |       |       |    12 |     3 ||    15
 Stab: Sleeping          |     1 |       |       |       ||     1
  Eat: Chunk             |     2 |    11 |    11 |     3 ||    27
Armor: Robe              |    34 |    53 |    38 |    10 ||   135
Dodge: Dodged            |    75 |   134 |    83 |    25 ||   317
Block: Other             |       |       |       |     8 ||     8
